 Dungeon Crawl Stone Soup version 0.19.0-16-g73b5abf (webtiles) character file.

3926 Lochraine the Merchant of Misery (level 10, -15/77 HPs)
             Began as a Demonspawn Necromancer on Nov 10, 2016.
             Was a Believer of Kikubaaqudgha.
             Demolished by kroki's ghost (28 damage)
             ... on level 1 of the Lair of Beasts.
             The game lasted 00:42:53 (10998 turns).

Lochraine the Merchant of Misery (DsNe)            Turns: 10998, Time: 00:42:54

Health: -15/77     AC:  7    Str: 16    XL:     10   Next: 1%
Magic:  9/18       EV: 14    Int: 18    God:    Kikubaaqudgha [**....]
Gold:   366        SH:  4    Dex: 15    Spells: 6 memorised, 4 levels left

rFire  + . .     SeeInvis +     d - +6 whip of Xaodiurch {speed, *Rage rPois SInv Stlth+}
rCold  . . .     Gourm    .     w - +0 troll leather armour
rNeg   . . .     Faith    +     (no shield)
rPois  +         Spirit   .     (no helmet)
rElec  .         Reflect  .     G - +0 cloak of the Crushed Orbs {Dex+2}
rCorr  .         Harm     .     (no gloves)
MR     .....     Rnd*Rage +     U - +0 pair of boots
Stlth  +++.......               o - amulet of faith
                                y - ring of poison resistance
                                P - ring of flight

@: mighty, exhausted, very slightly contaminated, slowed, very slow
A: claws 2, large bone plates 1, fire resistance 1, powered by pain 1, flame
cloud immunity
a: Receive Corpses, Renounce Religion, Evoke Flight


You were on level 1 of the Lair of Beasts.
You worshipped Kikubaaqudgha.
Kikubaaqudgha was pleased with you.
You were hungry.

You visited 3 branches of the dungeon, and saw 11 of its levels.

You collected 402 gold pieces.
You spent 36 gold pieces at shops.

Inventory:

Hand Weapons
 b - the +7 Spriggan's Knife {MR+ EV+4 Dex+4 Stlth+}
   (You found it on level 6 of the Dungeon)

   It affects your evasion (+4).
   It affects your dexterity (+4).
   It affects your resistance to hostile enchantments.
   It makes you more stealthy.
 d - the +6 whip of Xaodiurch (weapon) {speed, *Rage rPois SInv Stlth+}
   (You found it on level 1 of the Lair of Beasts)

   Attacks with this weapon are significantly faster.
   It protects you from poison.
   It lets you see invisible.
   It may make you go berserk in combat.
   It makes you more stealthy.
Armour
 e - a +0 robe
 w - a +0 troll leather armour (worn)
 G - the +0 cloak of the Crushed Orbs (worn) {Dex+2}
   (You found it on level 5 of the Dungeon)

   It affects your dexterity (+2).
 U - a +0 pair of boots (worn)
 X - a +1 chain mail of magic resistance
Jewellery
 o - an amulet of faith (around neck)
 v - an uncursed ring of ice
 y - a ring of poison resistance (right claw)
 K - an uncursed ring of positive energy
 P - a ring of flight (left claw)
Wands
 E - a wand of teleportation (0/9)
 T - a wand of paralysis (13/24)
Scrolls
 a - a scroll of enchant weapon
 f - a scroll of blinking
 g - 2 scrolls of amnesia {unknown}
 i - a scroll of identify
 j - 8 scrolls of remove curse
 l - a scroll of noise {unknown}
 n - 3 scrolls of magic mapping {unknown}
 q - 3 scrolls of recharging {unknown}
 r - a scroll of teleportation
 s - 2 scrolls of fear {unknown}
 F - a scroll of fog {unknown}
 H - a scroll of enchant armour {unknown}
 L - a scroll of immolation {unknown}
 Q - a scroll of random uselessness {unknown}
Potions
 h - 5 potions of heal wounds
 p - a potion of magic {unknown}
 x - 4 potions of curing
 z - a potion of cure mutation {unknown}
 B - 2 potions of haste {unknown}
 C - a potion of mutation {unknown}
 D - a potion of resistance {unknown}
 J - a potion of lignification {unknown}
 N - a potion of degeneration {unknown}
 S - a potion of ambrosia {unknown}
Books
 M - Kikubaaqudgha's Collected Works on Unholy Secrets
   (Kikubaaqudgha gifted it to you on level 6 of the Dungeon)

   Spells                             Type                      Level
   a - Animate Skeleton               Necromancy                   1
   b - Corpse Rot                     Necromancy                   2
   c - Sublimation of Blood           Necromancy                   2
   d - Vampiric Draining              Necromancy                   3
   e - Control Undead                 Necromancy                   4
 O - a book of Necromancy

   Spells                             Type                      Level
   a - Pain                           Necromancy                   1
   b - Animate Skeleton               Necromancy                   1
   c - Vampiric Draining              Necromancy                   3
   d - Regeneration                   Charms/Necromancy            3
   e - Animate Dead                   Necromancy                   4
   f - Control Undead                 Necromancy                   4
 R - a book of Beasts

   Spells                             Type                      Level
   a - Summon Butterflies             Summoning                    1
   b - Call Canine Familiar           Summoning                    3
   c - Summon Ice Beast               Ice/Summoning                4
   d - Summon Mana Viper              Hexes/Summoning              5
   e - Summon Hydra                   Summoning                    7
 V - a book of Misfortune

   Spells                             Type                      Level
   a - Confusing Touch                Hexes                        1
   b - Confuse                        Hexes                        3
   c - Gell's Gravitas                Hexes/Translocation          3
   d - Petrify                        Transmutation/Earth          4
   e - Metabolic Englaciation         Hexes/Ice                    5
   f - Yara's Violent Unravelling     Hexes/Transmutation          5
 Z - Kikubaaqudgha's Disquisition on Darkness
   (Kikubaaqudgha gifted it to you on level 8 of the Dungeon)

   Spells                             Type                      Level
   a - Excruciating Wounds            Charms/Necromancy            5
   b - Bolt of Draining               Conjuration/Necromancy       5
   c - Cigotuvi's Embrace             Necromancy                   5
   d - Dispel Undead                  Necromancy                   5
   e - Death Channel                  Necromancy                   6
Comestibles
 c - 3 bread rations
 t - 4 meat rations
 u - a slice of pizza
 A - 3 beef jerkies
 I - 7 fruits
 Y - 6 chunks of flesh


   Skills:
 - Level 6.7 Fighting
 - Level 3.3 Short Blades
 - Level 4.3 Armour
 - Level 5.1 Dodging
 - Level 1.7 Stealth
 + Level 5.6 Spellcasting
 - Level 2.0 Charms
 + Level 9.0 Necromancy


You had 4 spell levels left.
You knew the following spells:

 Your Spells              Type           Power        Failure   Level  Hunger
a - Pain                  Necr           ####         1%          1    None
b - Animate Skeleton      Necr           N/A          1%          1    None
c - Vampiric Draining     Necr           #####.....   1%          3    ##.....
d - Regeneration          Chrm/Necr      ####......   6%          3    ##.....
e - Animate Dead          Necr           N/A          4%          4    ####...
f - Control Undead        Necr           #####.....   4%          4    ####...


Dungeon Overview and Level Annotations

Branches:
Dungeon (9/15)             Temple (1/1) D:5            Lair (1/6) D:8
    Orc: D:9-12

Altars:
Elyvilon
Fedhas
Hepliaklqana
Kikubaaqudgha
Nemelex Xobeh
Ru
Xom
Zin

Shops:
D:8 *

Annotations:
D:2 Sigmund
D:3 Nordron's ghost, amateur GrFE
D:4 C0ssack's ghost, amateur DENe
D:8 kilppis's ghost, novice GrBe
Lair:1 kroki's ghost, journeyman MiBe


Innate Abilities, Weirdness & Mutations

You have very sharp fingernails.
You are partially covered in large bone plates. (SH +4)
Your flesh is heat resistant. (rF+)
You sometimes gain a little power by taking damage.
You are immune to clouds of flame.


Message History

Casting: Control Undead
Confirm with . or Enter, or press ? or * to list all spells.
You miscast Control Undead.
You are very lightly contaminated with residual magic.
You sense a malignant aura.
Kroki's ghost hits you!!
* * * LOW HITPOINT WARNING * * *
You focus on the pain.
You feel mightier all of a sudden. Space bends around you.
* * * LOW HITPOINT WARNING * * *
Kroki's ghost completely misses you. You block kroki's ghost's attack.
Kroki's ghost screams, "You must not succeed where I failed!"
Kroki's ghost closely misses you. Kroki's ghost barely misses you.
Kroki's ghost barely misses you.
There is a stone staircase leading down here.
Kroki's ghost hits you!!
You die...
Kikubaaqudgha rasps: "You have failed me!
Welcome... death!"

....## ##..............## #.
#.....##...#............# ##.
##........#####.........####..
#.........## ##...^..........
#..........## ##..............
##...........###.............#.
............#.⌠.##............#
...........#.....#...........#.
.##.......##⌠.@.⌠#...........##
##......##..W..............##
###...####...#.............#
##.#..# ##.+##..##..#......#
##.....###.....#.......##.... .
#..#.#..#.#...#...#..##.#....
..+......)..#...............#..
......⌠...+...⌠.#.+... ........
..........#.....#.#............


You could see kroki's ghost.

Vanquished Creatures
  A komodo dragon (Lair:1)
  2 trolls (D:8)
  A water moccasin (Lair:1)
  2 porcupines (Lair:1)
  2 ice beasts (D:8)
  2 sky beasts
  A black bear (D:7)
  A phantom (D:5)
  An orc warrior (D:7)
  A necrophage (D:6)
  2 wolves (D:8)
  3 ogres
  2 centaurs
  A big kobold (D:8)
  3 bullfrogs
  A wyvern skeleton (D:6)
  2 scorpions
  A killer bee (Lair:1)
  2 wights (D:8)
  2 howler monkeys
  A crimson imp (D:7)
  2 centaur zombies (D:8)
  A bullfrog zombie (D:7)
  4 hounds
  A bullfrog skeleton (D:6)
  Ijyb (D:3)
  Terence (D:3)
  An iguana (D:7)
  4 orc wizards
  5 worker ants
  A killer bee zombie (D:6)
  2 hound skeletons
  Robin (D:2)
  A howler monkey zombie (D:7)
  2 gnolls (D:7)
  10 adders
  2 oozes
  4 adder zombies
  An adder skeleton (D:8)
  A worm (D:3)
  2 leopard geckos
  24 orcs
  6 bats
  5 giant cockroaches
  19 goblins
  12 hobgoblins
  4 jackals
  13 kobolds
  3 quokkas
  4 frilled lizards
  2 leopard gecko zombies
  3 quokka skeletons
  5 rats
181 creatures vanquished.

Vanquished Creatures (collateral kills)
  A hippogriff (D:7)
  A gnoll sergeant (D:7)
  A wight (D:8)
  A crimson imp (D:8)
  2 hounds (D:8)
  An iguana (D:8)
  A gnoll (D:7)
  3 orcs (D:8)
  A jackal (D:8)
  3 kobolds (D:8)
15 creatures vanquished.

Grand Total: 196 creatures vanquished

Notes
Turn   | Place    | Note
-------+----------+-------------------------------------------
     0 | D:1      | Lochraine the Demonspawn Necromancer began the quest for the Orb.
     0 | D:1      | Reached XP level 1. HP: 13/13 MP: 3/3
   137 | D:1      | Gained mutation: Your flesh is heat resistant. (rF+) [demonic ancestry]
   137 | D:1      | Reached XP level 2. HP: 19/19 MP: 5/5
   464 | D:1      | Learned a level 1 spell: Animate Skeleton
   916 | D:2      | Reached skill level 5 in Necromancy
   916 | D:2      | Gained mutation: You are partially covered in large bone plates. (SH +4) [demonic ancestry]
   916 | D:2      | Reached XP level 3. HP: 6/24 MP: 0/7
  1751 | D:2      | Noticed Sigmund
  1781 | D:2      | Noticed Robin
  1852 | D:1      | Reached skill level 1 in Armour
  2746 | D:2      | Gained mutation: You are immune to clouds of flame. [demonic ancestry]
  2746 | D:2      | Reached XP level 4. HP: 19/30 MP: 8/8
  3674 | D:3      | Noticed Nordron's ghost (amateur GrFE)
  3721 | D:2      | Killed Robin
  3781 | D:2      | Learned a level 3 spell: Vampiric Draining
  3964 | D:3      | Noticed Ijyb
  3989 | D:3      | Killed Ijyb
  3989 | D:3      | Reached XP level 5. HP: 31/35 MP: 2/9
  4114 | D:3      | Noticed Terence
  4134 | D:3      | Killed Terence
  4415 | D:3      | Found a shimmering altar of Xom.
  4766 | D:4      | Gained mutation: You sometimes gain a little power by taking damage. [demonic ancestry]
  4766 | D:4      | Reached XP level 6. HP: 34/41 MP: 11/11
  4835 | D:4      | Noticed C0ssack's ghost (amateur DENe)
  4939 | D:4      | Found a hazy altar of Hepliaklqana.
  5038 | D:5      | Entered Level 5 of the Dungeon
  5051 | D:5      | Reached skill level 6 in Necromancy
  5060 | D:5      | Learned a level 3 spell: Regeneration
  5072 | D:5      | Got a slimy cloak
  5078 | D:5      | Identified the +0 cloak of the Crushed Orbs {Dex+2} (You found it on level 5 of the Dungeon)
  5207 | D:5      | Found a staircase to the Ecumenical Temple.
  5214 | Temple   | Entered the Ecumenical Temple
  5224 | Temple   | Became a worshipper of Kikubaaqudgha
  5257 | D:5      | Reached skill level 1 in Charms
  6066 | D:5      | Reached XP level 7. HP: 43/46 MP: 8/13
  6390 | D:6      | Reached skill level 1 in Fighting
  6869 | D:6      | Reached skill level 7 in Necromancy
  6869 | D:6      | Gained mutation: You have sharp fingernails. [demonic ancestry]
  6869 | D:6      | Reached XP level 8. HP: 49/58 MP: 9/14
  6960 | D:6      | Reached * piety under Kikubaaqudgha
  6960 | D:6      | Identified Kikubaaqudgha's Collected Works on Unholy Secrets (Kikubaaqudgha gifted it to you on level 6 of the Dungeon)
  6960 | D:6      | Received a gift from Kikubaaqudgha
  7017 | D:6      | Learned a level 4 spell: Animate Dead
  7280 | D:6      | Found a white marble altar of Elyvilon.
  7632 | D:7      | Noticed a hippogriff
  7817 | D:7      | Reached skill level 1 in Short Blades
  8061 | D:7      | Killed a hippogriff
  8061 | D:7      | Reached skill level 5 in Fighting
  8223 | D:7      | Gained mutation: You have very sharp fingernails. [demonic ancestry]
  8223 | D:7      | Reached XP level 9. HP: 65/68 MP: 15/15
  8464 | D:8      | Learned a level 4 spell: Control Undead
  8532 | D:8      | Found Xyugg's General Store.
  8549 | D:8      | Reached ** piety under Kikubaaqudgha
  8550 | D:8      | Noticed kilppis's ghost (novice GrBe)
  8577 | D:8      | Bought a scroll of teleportation for 36 gold pieces
  8851 | D:9      | Noticed a troll
  9159 | D:8      | Noticed a troll
  9207 | D:8      | Reached skill level 8 in Necromancy
  9846 | D:8      | Found a staircase to the Lair.
  9887 | D:8      | Killed a troll
  9887 | D:8      | Reached *** piety under Kikubaaqudgha
  9887 | D:8      | Identified Kikubaaqudgha's Disquisition on Darkness (Kikubaaqudgha gifted it to you on level 8 of the Dungeon)
  9887 | D:8      | Received a gift from Kikubaaqudgha
  9887 | D:8      | Reached skill level 5 in Dodging
 10494 | D:8      | Killed a troll
 10638 | Lair:1   | Entered Level 1 of the Lair of Beasts
 10648 | Lair:1   | Reached skill level 5 in Spellcasting
 10815 | Lair:1   | Noticed a komodo dragon
 10836 | Lair:1   | Killed a komodo dragon
 10836 | Lair:1   | Reached skill level 9 in Necromancy
 10836 | Lair:1   | Reached XP level 10. HP: 43/77 MP: 9/18
 10907 | Lair:1   | Got a twisted whip
 10909 | Lair:1   | Identified the +6 whip of Xaodiurch {speed, *Rage rPois SInv Stlth+} (You found it on level 1 of the Lair of Beasts)
 10923 | Lair:1   | Noticed kroki's ghost (journeyman MiBe)
 10998 | Lair:1   | Demolished by kroki's ghost

Skill      XL: |  1  2  3  4  5  6  7  8  9 |
---------------+----------------------------+-----
Necromancy     | 5 6 7 9 |  9.0
Dodging        | 2 3 4 5 |  5.1
Armour         | 1 2 3 4 |  4.3
Spellcasting   | 3 4 5 |  5.6
Charms         | 1 2 |  2.0
Fighting       | 3 5 6 |  6.7
Short Blades   | 1 3 |  3.3
Stealth        | |  1.7

Action                   |  1- 3 |  4- 6 |  7- 9 | 10-12 || total
-------------------------+-------+-------+-------+-------++-------
Melee: Hand axe          |   163 |   230 |    65 |       ||   458
       Knife             |       |       |   255 |       ||   255
       Whip              |       |       |    36 |    10 ||    46
 Cast: Pain              |     9 |    12 |    51 |       ||    72
       Vampiric Draining |       |     6 |    23 |     1 ||    30
       Regeneration      |       |     1 |     3 |       ||     4
       Animate Skeleton  |       |       |     4 |       ||     4
       Animate Dead      |       |       |     4 |     1 ||     5
       Control Undead    |       |       |    12 |     1 ||    13
Invok: Receive Corpses   |       |       |     6 |       ||     6
Evoke: Wand              |       |       |     1 |       ||     1
  Use: Potion            |     2 |       |     4 |       ||     6
       Scroll            |       |     4 |     6 |     1 ||    11
 Stab: Sleeping          |       |       |    11 |       ||    11
       Distracted        |       |       |     1 |       ||     1
  Eat: Chunk             |     3 |    10 |    20 |     1 ||    34
       Bread ration      |     1 |       |       |       ||     1
       Pizza             |       |       |     1 |       ||     1
Armor: Robe              |    17 |    16 |    23 |       ||    56
       Scale mail        |    80 |    12 |       |       ||    92
       Chain mail        |       |    39 |       |       ||    39
       Leather armour    |       |       |    11 |       ||    11
       Troll leather arm |       |       |     9 |     2 ||    11
Dodge: Dodged            |   111 |   110 |   325 |     7 ||   553
Block: Other             |    27 |    44 |    57 |     2 ||   130
